 Dungeon Crawl Stone Soup version 0.26-b1-32-g5d43845318 (webtiles) character file.

Game seed: 18389355976067008311

9 sentinel the Conjurer (level 2, 15/22 HPs)
             Began as a Demonspawn Conjurer on Jan 11, 2021.
             Quit the game on level 1 of the Dungeon.
             The game lasted 00:00:30 (272 turns).

sentinel the Conjurer (Demonspawn Conjurer)          Turns: 272, Time: 00:00:30

Health: 15/22      AC:  5    Str:  7    XL:     2   Next: 3%
Magic:  1/5        EV: 10    Int: 19    God:
Gold:   27         SH:  0    Dex: 11    Spells: 4/5 levels left

rFire    . . .     SeeInvis .   d - +0 dagger
rCold    + . .     Faith    .   (no shield)
rNeg     . . .     Spirit   .   b - +0 ring mail
rPois    .         Reflect  .   (no helmet)
rElec    .         Harm     .   (no cloak)
rCorr    .         Rampage  .   (no gloves)
Will     .....                  (no boots)
Stlth    +.........             (no amulet)
HPRegen  0.07/turn              (no ring)
MPRegen  0.09/turn              (no ring)

@: no status effects
A: cold resistance 1
a: no special abilities


You were on level 1 of the Dungeon.
You visited 1 branch of the dungeon, and saw 1 of its levels.

You collected 27 gold pieces.

Inventory:

Hand Weapons
 d - a +0 dagger (weapon)
Missiles
 c - 12 poisoned darts
Armour
 a - a +0 robe
 b - a +0 ring mail (worn)


   Skills:
 + Level 1.7 Fighting
 - Level 1.7 Dodging
 - Level 1.7 Stealth
 - Level 2.0 Spellcasting
 - Level 4.0 Conjurations


You had 4 spell levels left.
You knew the following spells:

 Your Spells              Type           Power        Failure   Level
a - Magic Dart            Conj           68%          12%         1

Your spell library contained the following spells:

 Spells                   Type           Power        Failure   Level
 Searing Ray              Conj           34%          17%         2
 Dazzling Flash           Conj/Hex       18%          61%         3
 Fulminant Prism          Conj/Hex       4%           95%         4
 Iskenderun's Mystic Bla  Conj/Tloc      9%           95%         4


Dungeon Overview and Level Annotations

Branches:
Dungeon (1/15)

Altars:


Innate Abilities, Weirdness & Mutations

Your flesh is cold resistant. (rC+)


Message History

Your Fighting skill increases to level 1!
No target in view!
No target in view!
No target in view!
No target in view!
No target in view!
No target in view!
A bat comes into view.
But you're not safe! But you're not safe! But you're not safe!
But you're not safe! But you're not safe!
The magic dart hits the bat.
You kill the bat!
You start resting.
A jackal comes into view.
But you're not safe! But you're not safe!
The magic dart hits the jackal.
The jackal barks!
You don't have enough magic to cast that spell.
You don't have enough magic to cast that spell.
A jackal is nearby!
The jackal bites you but does no damage.
The jackal bites you but does no damage.
The jackal misses you. The jackal barely misses you.
The magic dart hits the jackal but does no damage.
The jackal barely misses you.
You don't have enough magic to cast that spell.
You don't have enough magic to cast that spell.
You hit the jackal but do no damage. The jackal barely misses you.
You hit the jackal. The jackal bites you.
The jackal bites you but does no damage.
You hit the jackal. The jackal barely misses you.
You barely miss the jackal. The jackal barely misses you. x2
You hit the jackal. The jackal misses you.
You barely miss the jackal.
The jackal bites you but does no damage.
You hit the jackal.
You kill the jackal!
No target in view!
No target in view!
No target in view!
No target in view!
You can't see any susceptible monsters within range! (Use Z to cast anyway.)
A rat comes into view.
But you're not safe! But you're not safe! But you're not safe!
But you're not safe! But you're not safe! But you're not safe!
But you're not safe!
You miscast Magic Dart.
You are very lightly contaminated with residual magic.
Nothing appears to happen.
The magic dart hits the rat but does no damage.
The magic dart hits the rat.
The rat bites you.
You don't have enough magic to cast that spell.
You don't have enough magic to cast that spell.
But you're not safe! But you're not safe! But you're not safe!
But you're not safe! But you're not safe! But you're not safe!
You hit the rat but do no damage. The rat barely misses you.
You hit the rat.
You kill the rat!
No target in view!
No target in view!
No target in view!
No target in view!
No target in view!
No target in view!
No target in view!
No target in view!
No target in view!
No target in view!
No target in view!
You start resting.
Your magical contamination has completely faded away.
You see here a rat corpse.
A giant cockroach comes into view.
The giant cockroach moves out of view.
A giant cockroach is nearby!
But you're not safe! But you're not safe! But you're not safe!
But you're not safe! But you're not safe!
The magic dart hits the giant cockroach but does no damage.
The magic dart hits the giant cockroach.
The giant cockroach misses you.
You don't have enough magic to cast that spell.
You don't have enough magic to cast that spell.
You don't have enough magic to cast that spell.
You don't have enough magic to cast that spell.
You hit the giant cockroach. The giant cockroach bites you.
You hit the giant cockroach.
You kill the giant cockroach!
No target in view!
No target in view!
No target in view!
No target in view!
No target in view!
No target in view!
No target in view!
No target in view!
No target in view!
No target in view!
A hobgoblin comes into view.
The hobgoblin shouts!
But you're not safe! But you're not safe! But you're not safe!
But you're not safe! But you're not safe! But you're not safe!
The magic dart hits the hobgoblin.
The magic dart hits the hobgoblin.
The hobgoblin closely misses you.
You don't have enough magic to cast that spell.
You don't have enough magic to cast that spell.
You don't have enough magic to cast that spell.
You don't have enough magic to cast that spell.
You don't have enough magic to cast that spell.
You don't have enough magic to cast that spell.
You don't have enough magic to cast that spell.
You don't have enough magic to cast that spell.
But you're not safe!
Your ring mail prevents you from hitting the hobgoblin.
The hobgoblin hits you but does no damage.
You hit the hobgoblin but do no damage. The hobgoblin barely misses you.
You hit the hobgoblin but do no damage. The hobgoblin hits you.
You closely miss the hobgoblin. The hobgoblin hits you.
You hit the hobgoblin but do no damage. The hobgoblin hits you.
You hit the hobgoblin but do no damage. The hobgoblin misses you.
You barely miss the hobgoblin. The hobgoblin hits you.
You barely miss the hobgoblin. The hobgoblin barely misses you.
You closely miss the hobgoblin. The hobgoblin barely misses you.
You hit the hobgoblin.
The hobgoblin hits you but does no damage.
You barely miss the hobgoblin. The hobgoblin closely misses you.
You hit the hobgoblin.
You kill the hobgoblin!
You have reached level 2!
Your demonic ancestry asserts itself...
You feel resistant to cold.

#. .# .# #.# ### .# .#
#.# #.# .#..# #.# #.#
.#..# #.# #.# ....##.
#.# #.# .......
##.####.##†..#
#...†....@...##
#..####..........
#..####.#.....##.
#....##.#.....#
##.#.##.#.....#
#########.#.##.#......#
..........#.##.#......#
.......................
...##.....#........


There were no monsters in sight!

Vanquished Creatures
  A giant cockroach (D:1)
  A hobgoblin (D:1)
  2 jackals (D:1)
  2 bats (D:1)
  A frilled lizard (D:1)
  A goblin (D:1)
  A rat (D:1)
9 creatures vanquished.

Notes
Turn   | Place    | Note
-------+----------+-------------------------------------------
     0 | D:1      | sentinel the Demonspawn Conjurer began the quest for the
                  | Orb.
     0 | D:1      | Reached XP level 1. HP: 13/13 MP: 3/3
   109 | D:1      | Reached skill level 1 in Fighting
   272 | D:1      | Gained mutation: Your flesh is cold resistant. (rC+)
                  | [demonic ancestry]
   272 | D:1      | Reached XP level 2. HP: 15/22 MP: 1/5
   272 | D:1      | Quit the game

Illustrated notes

Levels and vault maps discovered:
D:1:      dpeg_arrival_stonehenge_12_columns, layout_basic

Skill      XL: |  1 |
---------------+----+-----
Fighting       | 1 |  1.7
Dodging        | |  1.7
Stealth        | |  1.7
Spellcasting   | |  2.0
Conjurations   | |  4.0

Action                   || total
-------------------------++-------
Melee: Dagger            ||    25
 Cast: Magic Dart        ||    14
Armor: Ring mail         ||     6
Dodge: Dodged            ||    17
